 Dungeon Crawl Stone Soup version 0.14-a0-1076-gee4852e (webtiles) character file.

126 PolkaDot the Ruinous (level 3, -3/24 HPs)
             Began as a Vampire Conjurer on Nov 25, 2013.
             Slain by a gnoll
             ... wielding a +0,+0 halberd
              (11 damage)
             ... on Level 2 of the Dungeon.
             The game lasted 00:04:04 (1741 turns).

PolkaDot the Ruinous (Vampire Conjurer)             Turns: 1741, Time: 00:04:04

HP  -3/24        AC  2     Str  7      XL: 3   Next: 67%
MP  14/15        EV 13     Int 18      God:
Gold 71          SH  0     Dex 16      Spells:  2 memorised,  1 level left

rFire  . . .     SeeInvis +     b - +2,+0 elf spear
rCold  . . .     Clarity  .     a - +0 robe
rNeg   . . .     Conserve .     (no shield)
rPois  .         rCorr    .     (no helmet)
rElec  .         rRot     .     (no cloak)
SustAb . .       Spirit   .     (no gloves)
rMut   .         Warding  .     (no boots)
Saprov . . .     Stasis   .     o - cursed amulet of the gourmand {unknown}
                                l - ring of magical power
                                p - cursed +2 ring of dexterity

@: regenerating quickly, confused, very slightly contaminated, slightly
resistant to hostile enchantments, unstealthy
A: fangs 3, see invisible, unbreathing
a: no special abilities


You were on level 2 of the Dungeon.
You were full.

You visited 1 branch of the dungeon, and saw 2 of its levels.

You collected 71 gold pieces.

Inventory:

Hand weapons
 b - a +2,+0 elven spear (weapon)
Armour
 a - a +0 robe (worn)
Scrolls
 e - 2 scrolls of identify {unknown}
 h - 2 scrolls of teleportation {unknown}
 m - a scroll of remove curse {unknown}
 n - a scroll of amnesia {unknown}
Jewellery
 g - an uncursed ring of positive energy {unknown}
 l - a ring of magical power (right hand)
 o - a cursed amulet of the gourmand (around neck) {unknown}
 p - a cursed +2 ring of dexterity (left hand)
Potions
 f - 4 potions of curing {unknown}
 j - a potion of agility {unknown}
 k - a potion of brilliance {unknown}
Books
 c - a book of Conjurations

   Spells                             Type                      Level
   *Magic Dart                        Conjuration                  1
   *Searing Ray                       Conjuration                  2
   Dazzling Spray                     Conjuration/Hexes            3
   Iskenderun's Mystic Blast          Conjuration                  4
   Iskenderun's Battlesphere          Conjuration/Charms           4
   Fulminant Prism                    Conjuration/Hexes            5


   Skills:
 - Level 2.1 Dodging
 - Level 3.0 Stealth
 - Level 1.0 Spellcasting
 * Level 4.0 Conjurations


You had one spell level left.
You knew the following spells:

 Your Spells              Type           Power        Failure   Level  Hunger
a - Magic Dart            Conj           ###.         4%          1    ##.....
s - Searing Ray           Conj           ###...       8%          2    ###....


Dungeon Overview and Level Annotations

Branches:
Dungeon (2/16)

Altars:


Innate Abilities, Weirdness & Mutations

Your natural rate of healing is unusually fast.
You have razor-sharp teeth.*
You have supernaturally acute eyesight.
You can survive without breathing.*


Message History

Things that are here:
a club; a goblin skeleton
Casting: Magic Dart
Confirm with . or Enter, or press ? or * to list all spells.
Aiming: Searing Ray
Press: ? - help, Shift-Dir - straight line, f - gnoll
Aim: a gnoll, wielding a whip You miscast Searing Ray.
You are very lightly contaminated with residual magic.
Sparks fly from your hands! The gnoll closely misses you.
The gnoll hits you from afar with a halberd.
The gnoll misses you.
Drink which item? (? for menu, Esc to quit)
You feel refreshed.
It was a potion of restore abilities.
Drink which item? (? for menu, Esc to quit)
You are confused.
It was a potion of confusion.
The gnoll hits you with a whip!
Ouch! That really hurt!
The gnoll hits you from afar with a halberd!
You die...

#####+#...## #.#.###
#........# #.#....
#...<....# #.#####
######......#########......
+..........)...............
#.######...#.##############
+......'...#.#
#.######...#.# #. ###@#.#
.. #g#.# ## #g#.# #l#.#
#.#.# #g# #.# #.# ### # #.#
#..


You could see 3 gnolls and a giant gecko.

Vanquished Creatures
  A giant mite (D:1)
  A worm (D:2)
  2 giant geckos (D:2)
  An ooze (D:1)
  A giant cockroach (D:1)
  14 goblins
  6 hobgoblins
  4 kobolds
  4 bats
  A giant newt (D:1)
  4 rats
39 creatures vanquished.

Notes
Turn   | Place    | Note
--------------------------------------------------------------
     0 | D:1      | PolkaDot, the Vampire Conjurer, began the quest for the Orb.
     0 | D:1      | Reached XP level 1. HP: 13/13 MP: 4/4
   280 | D:1      | Reached XP level 2. HP: 13/19 MP: 0/5
   887 | D:1      | Reached XP level 3. HP: 24/24 MP: 6/6
   891 | D:1      | Learned a level 2 spell: Searing Ray
  1297 | D:2      | Reached skill level 4 in Conjurations
  1741 | D:2      | Slain by a gnoll

Action                   || total
-------------------------++-------
Melee: Unarmed           ||     6
       Spear             ||   133
 Cast: Magic Dart        ||    16
       Searing Ray       ||     2
  Use: Potion            ||     3
 Stab: Sleeping          ||     4
